 Dungeon Crawl Stone Soup version 0.31.0-1-g2c135a008e (webtiles) character file.

Game seed: 8541132835652899051

2474 qw the Skirmisher (level 9, -3/66 HPs)
             Began as a Djinni Hunter on Jan 23, 2024.
             Slain by a killer bee (8 damage)
             ... on level 8 of the Dungeon.
             The game lasted 00:00:29 (6388 turns).

qw the Skirmisher (Djinni Hunter)                   Turns: 6388, Time: 00:00:30

Health: -3/66      AC: 11    Str: 10    XL:     9   Next: 80%
Gold:   355        EV: 13    Int: 15    God:
                   SH:  0    Dex: 20

rFire   + + .        a - +1 shortbow
rCold   x . .        (shield currently unavailable)
rNeg    . . .        e - +0 ring mail
rPois   inf          g - +2 helmet {Int+3}
rElec   .            b - +2 cloak
rCorr   .            (no gloves)
SInv    .            (boots unavailable)
Will    +....        (no amulet)
Stlth   +            c - ring of willpower
HPRegen 0.31/turn    (no ring)
MPRegen 0.00/turn

%: infuse magic (-4 HP)
@: flying
A: sickness immunity, fire resistance 2, cold vulnerability 1, float, innate
caster, HP casting, extra vitality 1
a: no special abilities


You were on level 8 of the Dungeon.
You visited 2 branches of the dungeon, and saw 9 of its levels.

You collected 355 gold pieces.


Innate Abilities, Weirdness & Mutations

You are immune to sickness and miasma.
You are immune to poison.
Your flesh is very heat resistant. (rF++)
You are vulnerable to cold. (rC-)
You float through the air rather than walking.
You learn spells naturally, not from books.
Your magical power is your life essence.
You have superior vitality. (+4 MHP)


   Skills:
 - Level 6.1 Fighting
 - Level 9.0 Ranged Weapons
 + Level 2.5 Armour
 - Level 5.0 Dodging
 - Level 0.7 Stealth


You knew the following spells:

 Your Spells              Type           Power      Damage    Failure   Level
a - Freeze                Ice            0%         1d3       54%         1
b - Searing Ray           Conj           0%         2d4       69%         2
c - Gell's Gravitas       Tloc           0%         N/A       89%         3
d - Volatile Blastmotes   Fire/Tloc      0%         2d10      89%         3
Your spell library was empty.

Inventory:

Hand Weapons
 a - a +1 shortbow (weapon)
Armour
 b - a +2 cloak (worn)
 e - a +0 ring mail (worn)
 g - a +2 helmet of intelligence (worn)
 o - a +0 ring mail of fire resistance
Jewellery
 c - a ring of willpower (left hand)
 k - a ring of fire
Wands
 i - a wand of charming (8)
 m - a wand of quicksilver (3)
 n - a wand of iceblast (14)
Scrolls
 j - a scroll of identify
 l - a scroll of fear {unknown}
Potions
 d - a potion of might
 f - 6 potions of curing
 h - a potion of haste
 p - a potion of enlightenment {unknown}
 r - a potion of berserk rage {unknown}
 t - a potion of mutation {unknown}
 u - a potion of attraction {unknown}

Dungeon Overview and Level Annotations

Branches:
Dungeon (8/15)             Temple (1/1) D:6
   Lair: D:8-11

Altars:
Ashenzari
Dithmenos
Gozag
Hepliaklqana
Makhleb
Qazlal
Trog
Uskayaw
Wu Jian
Yredelemnul
Zin
The Shining One

Shops:
D:5 =


Message History

You shoot an arrow.
The arrow hits the killer bee but does no damage.
The killer bee is moderately wounded.
The killer bee stings you. x2
You shoot an arrow. The arrow hits the killer bee.
The killer bee is moderately wounded.
The killer bee closely misses you. The killer bee barely misses you.
The killer bee closely misses you.
You shoot an arrow.
The arrow hits the killer bee but does no damage.
The killer bee is moderately wounded.
The killer bee stings you but does no damage.
The killer bee closely misses you.
You shoot an arrow. The arrow misses the killer bee.
The killer bee closely misses you. The killer bee barely misses you.
You shoot an arrow. The arrow hits the killer bee.
The killer bee is heavily wounded.
The killer bee closely misses you.
The killer bee stings you but does no damage.
You shoot an arrow. The arrow barely misses the killer bee.
The killer bee closely misses you.
The killer bee stings you but does no damage.
You shoot an arrow. The arrow misses the killer bee.
The killer bee closely misses you. The killer bee stings you.
You shoot an arrow.
The arrow closely misses the killer bee.
The killer bee closely misses you. The killer bee stings you.
You shoot an arrow.
The arrow closely misses the killer bee.
The killer bee misses you. The killer bee barely misses you.
You shoot an arrow. The arrow misses the killer bee.
The killer bee stings you but does no damage.
The killer bee closely misses you.
You shoot an arrow. The arrow misses the killer bee.
The killer bee stings you but does no damage.
The killer bee stings you!
You shoot an arrow. The arrow hits the killer bee.
The killer bee is severely wounded.
The killer bee stings you!
You die...

...#..#
.......
.......
.......
.......
.......###
.......y.#
.......@.#
<..[....##
....#.###
.## ##


You could see a killer bee.

Vanquished Creatures
  Jeremiah (D:8)
  2 water moccasins
  2 ice beasts (D:6)
  A black bear (D:6)
  2 phantoms (D:5)
  2 kobold brigands (D:8)
  4 bullfrogs
  7 scorpions
  5 killer bees (D:8)
  A howler monkey (D:6)
  5 orc priests
  2 sleepcaps
  Ijyb (D:3)
  An iguana (D:7)
  An orc wizard (D:6)
  Robin (D:3)
  3 gnolls (D:6)
  7 adders
  A shadow imp (D:6)
  A white imp (D:4)
  3 dart slugs
  3 ribbon worms (D:2)
  17 orcs
  7 ball pythons
  4 bats
  8 endoplasms
  4 giant cockroaches
  16 goblins
  10 hobgoblins
  4 jackals (D:5)
  3 quokkas (D:1)
  4 frilled lizards
  12 kobolds
  8 rats
153 creatures vanquished.

Notes
Turn   | Place    | Note
-------+----------+-------------------------------------------
     0 | D:1      | qw the Djinni Hunter began the quest for the Orb.
     0 | D:1      | Reached XP level 1. HP: 18/18 MP: 0/0
     0 | D:1      | 0 ||| qw: Version: 0.3-a-134-g2ba4250
     0 | D:1      | 0 ||| qw: Game counter: 697
     0 | D:1      | 0 ||| qw: Melee chars always use a shield: true
     0 | D:1      | 0 ||| qw: God list: Okawaru
     0 | D:1      | 0 ||| qw: Allow faded altars: false
     0 | D:1      | 0 ||| qw: Do Orc after clearing Dungeon:15 true
     0 | D:1      | 0 ||| qw: Do second Lair branch before Depths: true
     0 | D:1      | 0 ||| qw: Lair rune preference: random
     0 | D:1      | 0 ||| qw: Goals: Normal
     0 | D:1      | 0 ||| PLANNING D:1-11
   128 | D:1      | Reached XP level 2. HP: 23/23 MP: 0/0
   259 | D:1      | Reached skill level 4 in Ranged Weapons
   259 | D:1      | Reached XP level 3. HP: 23/28 MP: 0/0
   259 | D:1      | Learned a level 1 spell: Freeze
   749 | D:1      | 749 ||| READING scroll labelled EDILANNIVU.
   750 | D:1      | 750 ||| READING scroll labelled UTWOMY MITWEJ.
   750 | D:1      | 750 ||| IDENTIFYING smoky blue potion
   751 | D:1      | 751 ||| READING scroll labelled QAXEGAMIRY.
   852 | D:1      | 852 ||| READING scroll labelled MUTEIMOPH.
   856 | D:1      | 856 ||| DRINKING 4 inky potions.
   857 | D:1      | 857 ||| DROPPING scroll of butterflies.
   858 | D:1      | 858 ||| DROPPING 3 potions of degeneration.
   936 | D:2      | Found a broken altar of Ashenzari.
  1113 | D:2      | Reached XP level 4. HP: 24/34 MP: 0/0
  1114 | D:2      | Reached skill level 3 in Fighting
  1122 | D:2      | 1122 ||| FLEEEEING.
  1123 | D:2      | 1123 ||| FLEEEEING.
  1124 | D:2      | 1124 ||| FLEEEEING.
  1125 | D:2      | 1125 ||| FLEEEEING.
  1127 | D:2      | 1127 ||| FLEEEEING.
  1453 | D:2      | 1453 ||| UPGRADING to +1 cloak.
  1458 | D:2      | 1458 ||| UPGRADING to +0 ring mail.
  1468 | D:2      | 1468 ||| DROPPING +0 leather armour.
  1469 | D:2      | 1469 ||| UPGRADING to +2 helmet of intelligence.
  1506 | D:3      | 1506 ||| STAIRDANCE
  1560 | D:3      | Reached skill level 1 in Armour
  1677 | D:3      | Found a stormy altar of Qazlal.
  1731 | D:3      | Noticed Robin
  1733 | D:3      | Reached XP level 5. HP: 32/40 MP: 0/0
  1733 | D:3      | Learned a level 2 spell: Searing Ray
  1737 | D:3      | HP: 9/40 [goblin/+0 dagger[Robin] (2)]
  1738 | D:3      | 1738 ||| READING scroll of teleportation.
  1738 | D:3      | HP: 4/40 [goblin/+0 dagger[Robin] (5)]
  2258 | D:3      | Reached skill level 5 in Ranged Weapons
  2258 | D:3      | Reached XP level 6. HP: 42/46 MP: 0/0
  2475 | D:3      | Killed Robin
  2476 | D:3      | Reached skill level 3 in Dodging
  2477 | D:3      | HP: 11/46 [goblin/+0 club[Robin] (3)]
  2481 | D:3      | HP: 5/46 [goblin/+0 club[Robin] (4)]
  2665 | D:3      | Noticed Ijyb
  2680 | D:3      | HP: 1/46 [orc priest/divine providence (15)]
  2681 | D:3      | Killed Ijyb
  3015 | D:3      | 3015 ||| READING scroll of identify.
  3015 | D:3      | 3015 ||| IDENTIFYING smoky puce potion
  3016 | D:3      | 3016 ||| READING scroll labelled NUORCH BABE.
  3502 | D:4      | Reached XP level 7. HP: 37/52 MP: 0/0
  3502 | D:4      | Learned a level 3 spell: Gell's Gravitas
  3952 | D:4      | 3952 ||| UPGRADING to ring of willpower.
  3953 | D:4      | 3953 ||| READING scroll of identify.
  3953 | D:4      | 3953 ||| IDENTIFYING metallic silvery potion
  3954 | D:4      | 3954 ||| READING scroll labelled ESEVUB VEUFIRR.
  3954 | D:4      | 3954 ||| ENCHANTING +0 shortbow.
  3977 | D:5      | Entered Level 5 of the Dungeon
  3984 | D:5      | Found Ocvetz's Jewellery Shop.
  3992 | D:5      | 3992 ||| SHOPLISTING +5 ring of evasion (540 gold, have
                  | 183).
  3992 | D:5      | 3992 ||| SHOPLISTING amulet of reflection (450 gold, have
                  | 183).
  3992 | D:5      | 3992 ||| SHOPLISTING ring of fire (375 gold, have 183).
  3992 | D:5      | 3992 ||| SHOPLISTING ring of positive energy (300 gold,
                  | have 183).
  3992 | D:5      | 3992 ||| SHOPLISTING ring of see invisible (225 gold, have
                  | 183).
  3992 | D:5      | 3992 ||| SHOPLISTING ring of willpower (375 gold, have
                  | 183).
  4218 | D:5      | Reached skill level 6 in Ranged Weapons
  4387 | D:5      | Found a bloodstained altar of Trog.
  4765 | D:5      | Reached XP level 8. HP: 58/58 MP: 0/0
  4881 | D:5      | 4881 ||| READING 2 scrolls of identify.
  4881 | D:5      | 4881 ||| IDENTIFYING black potion
  4882 | D:5      | 4882 ||| READING scroll of identify.
  4882 | D:5      | 4882 ||| IDENTIFYING sedimented inky potion
  4883 | D:5      | 4883 ||| READING scroll labelled IRAOCUH IPTETH.
  4884 | D:5      | 4884 ||| READING scroll labelled QUNTUU HIZOT.
  4885 | D:5      | 4885 ||| READING scroll labelled BELASI KUTISS.
  4885 | D:5      | 4885 ||| ENCHANTING +1 cloak.
  4886 | D:5      | 4886 ||| DRINKING 2 emerald potions.
  4887 | D:5      | 4887 ||| DROPPING potion of lignification.
  4888 | D:5      | 4888 ||| DROPPING potion of brilliance.
  4889 | D:5      | 4889 ||| DROPPING potion of invisibility.
  5035 | D:6      | Reached skill level 7 in Ranged Weapons
  5271 | D:6      | 5271 ||| RETREEEEATING.
  5272 | D:6      | 5272 ||| RETREEEEATING.
  5334 | D:6      | Reached XP level 9. HP: 45/65 MP: 0/0
  5334 | D:6      | Learned a level 3 spell: Volatile Blastmotes
  5452 | D:6      | Found a staircase to the Ecumenical Temple.
  5453 | D:6      | 5453 ||| PLANNING TEMPLE
  5453 | D:6      | 5453 ||| DROPPING wand of flame (6).
  5459 | Temple   | Entered the Ecumenical Temple
  5460 | Temple   | 5460 ||| PLANNING D:1-11
  5532 | D:6      | Reached skill level 8 in Ranged Weapons
  5806 | D:6      | 5806 ||| READING scroll labelled AGIHIARYRGH.
  5807 | D:6      | 5807 ||| READING scroll labelled MYEM GOEZONIQO.
  5951 | D:7      | You are sucked into a shaft and drop 1 floor!
  6044 | D:8      | Reached skill level 6 in Fighting
  6150 | D:8      | Noticed Jeremiah
  6157 | D:8      | 6157 ||| ZAPPING wand of quicksilver (8) at 2,-4 (Jeremiah;
                  | floor).
  6158 | D:8      | 6158 ||| ZAPPING wand of quicksilver (7) at 2,-4 (Jeremiah;
                  | floor).
  6159 | D:8      | 6159 ||| RETREEEEATING.
  6160 | D:8      | 6160 ||| ZAPPING wand of quicksilver (6) at 0,-5 (Jeremiah;
                  | floor).
  6161 | D:8      | 6161 ||| ZAPPING wand of quicksilver (5) at 0,-5 (Jeremiah;
                  | floor).
  6162 | D:8      | 6162 ||| ZAPPING wand of quicksilver (4) at 0,-5 (Jeremiah;
                  | floor).
  6162 | D:8      | Killed Jeremiah
  6166 | D:8      | 6166 ||| RETREEEEATING.
  6167 | D:8      | 6167 ||| RETREEEEATING.
  6169 | D:8      | 6169 ||| RETREEEEATING.
  6170 | D:8      | 6170 ||| RETREEEEATING.
  6191 | D:8      | HP: 15/66 [killer bee (4)]
  6192 | D:8      | 6192 ||| READING 2 scrolls of teleportation.
  6203 | D:8      | Reached skill level 9 in Ranged Weapons
  6211 | D:8      | HP: 13/66 [killer bee (8)]
  6212 | D:8      | 6212 ||| READING scroll of teleportation.
  6212 | D:8      | HP: 5/66 [killer bee (8)]
  6371 | D:8      | HP: 15/66 [killer bee (5)]
  6377 | D:8      | HP: 13/66 [killer bee (2)]
  6383 | D:8      | HP: 11/66 [killer bee (3)]
  6387 | D:8      | HP: 4/66 [killer bee (7)]
  6388 | D:8      | Slain by a killer bee

Levels and vault maps discovered:
D:1:      dpeg_arrival_water_fire, layout_loops_ring, minmay_small_reverse_x
D:2:      layout_basic, basic_altar
D:3:      layout_loops_corners, grunt_qazlal_clouds, minmay_misc_feat_enclosed,
          uniq_crazy_yiuf_cottage, uniq_ijyb, uniq_robin
D:4:      layout_basic, kennysheep_generic_room_10
D:5:      layout_basic, mainiacjoe_overflow_six_doors_small, serial_shops, shop
D:6:      layout_cave_pools, minmay_temple_entry_arrows, corexii_hall_statues_x,
          kennysheep_pointless_box
D:7:      layout_rooms, enter_bailey_3
D:8:      layout_cave_pools, old_standard_altar, nicolae_overflow_squiral,
          kennysheep_little_box, elyvilon_altar_1, chequers_avenue,
          chequers_serial_rivers_small_3, uniq_grum, uniq_jeremiah
Temple:   hellmonk_temple_forest_ring

Skill      XL: |  1  2  3  4  5  6  7  8  9 |
---------------+----------------------------+-----
Ranged Weapons | 4 5 6 7 9 |  9.0
Fighting       | 3 4 5 6 |  6.1
Armour         | 1 2 |  2.5
Dodging        | 3 4 5 |  5.0
Stealth        | |  0.7

Action                     |  1- 3 |  4- 6 |  7- 9 || total
---------------------------+-------+-------+-------++-------
   Fire: Shortbow          |    89 |   251 |   365 ||   705
  Evoke: Wand              |       |       |     5 ||     5
    Use: Scroll            |     4 |     3 |    11 ||    18
         Potion            |     1 |       |     1 ||     2
 Armour: Leather armour    |    24 |     2 |       ||    26
         Ring mail         |       |   142 |   230 ||   372
  Dodge: Dodged            |    20 |   112 |   241 ||   373

Table legend:
 A = Non-vault XP
 B = Vault XP
 C = Vault XP percentage of total XP
 D = Non-vault monster count
 E = Vault monster count
 F = Vault count percentage of total count
                 A         B        C        D         E       F
            +---------+---------+-------+---------+---------+-------
      Total |    3031 |     504 |  14.3 |     134 |      19 |  12.4
            +---------+---------+-------+---------+---------+-------
        D:1 |      38 |       6 |  13.6 |      22 |       4 |  15.4
        D:2 |      55 |       0 |   0.0 |      18 |       0 |   0.0
        D:3 |     265 |      71 |  21.1 |      30 |      13 |  30.2
        D:4 |      71 |      39 |  35.5 |      10 |       1 |   9.1
        D:5 |     472 |       0 |   0.0 |      11 |       0 |   0.0
        D:6 |    1173 |       0 |   0.0 |      20 |       0 |   0.0
        D:7 |     161 |       0 |   0.0 |       3 |       0 |   0.0
        D:8 |     796 |     388 |  32.8 |      20 |       1 |   4.8
            +---------+---------+-------+---------+---------+-------
